 Dungeon Crawl Stone Soup version 0.22-a0-775-ga7d80019b5 (webtiles) character file.

45423 SaltIsReal the Devastator (level 14, -3/88 HPs)
             Began as a Tengu Conjurer on July 18, 2018.
             Was a High Priest of Vehumet.
             Slain by a sixfirhy (12 damage)
             ... summoned by an orc high priest
             ... on level 2 of the Orcish Mines.
             The game lasted 01:35:38 (31094 turns).

SaltIsReal the Devastator (Tengu Conjurer)         Turns: 31094, Time: 01:35:39

Health: -3/88      AC: 10    Str: 10    XL:     14   Next: 33%
Magic:  28/31      EV: 13    Int: 19    God:    Vehumet [*****.]
Gold:   1623       SH: 13    Dex: 15    Spells: 10/38 levels left

rFire    . . .     SeeInvis .   a - +3 whip (elec)
rCold    . . .     Gourm    .   n - +2 shield
rNeg     . . .     Faith    .   G - +0 troll leather armour
rPois    .         Spirit   .   (helmet restricted)
rElec    .         Reflect  .   C - +2 cloak
rCorr    .         Harm     .   i - +1 pair of gloves
MR       +....                  (boots unavailable)
Stlth    +++.......             (no amulet)
HPRegen  0.64/turn              z - +1 ring of protection
MPRegen  0.22/turn              s - ring of stealth

@: flying quickly and evasively, very slightly contaminated, quick
A: beak, talons 3, able to fly 2
a: Stop Flying, Renounce Religion


You were on level 2 of the Orcish Mines.
You worshipped Vehumet.
Vehumet was extremely pleased with you.
You were very hungry.

You visited 3 branches of the dungeon, and saw 18 of its levels.

You collected 1681 gold pieces.
You spent 58 gold pieces at shops.

Inventory:

Hand Weapons
 a - a +3 whip of electrocution (weapon)
 H - a +0 scimitar of protection
Armour
 i - a +1 pair of gloves (worn)
 n - a +2 shield (worn)
 C - a +2 cloak (worn)
 G - a +0 troll leather armour (worn)
Magical Staves
 t - an uncursed staff of air
Jewellery
 s - a ring of stealth (right hand)
 v - an uncursed amulet of guardian spirit
 z - a +1 ring of protection (left hand)
 L - an uncursed ring of see invisible {unknown}
Wands
 r - a wand of iceblast (24)
 u - a wand of paralysis (4)
 y - a wand of polymorph (51)
 A - a wand of disintegration (13)
 E - a wand of acid (3)
 K - a wand of digging (15)
Scrolls
 b - 8 scrolls of remove curse
 c - a scroll of magic mapping
 f - 4 scrolls of enchant armour
 h - 6 scrolls of teleportation
 m - 3 scrolls of amnesia
 q - 2 scrolls of blinking
 x - a scroll of enchant weapon
 J - a scroll of fog
Potions
 e - 4 potions of lignification
 g - 2 potions of magic
 j - 2 potions of ambrosia
 k - 2 potions of might
 l - a potion of brilliance
 B - a potion of mutation
 D - a potion of flight
 F - 2 potions of curing
Miscellaneous
 o - a crystal ball of energy
 w - a lightning rod (4/4)
Comestibles
 p - 13 rations


   Skills:
 + Level 10.8 Fighting
 - Level 2.1 Dodging
 - Level 2.0 Stealth
 + Level 9.4 Shields
 * Level 12.8 Spellcasting
 + Level 16.1 Conjurations
 - Level 1.8 Fire Magic
 - Level 6.5 Ice Magic


You had 10 spell levels left.
You knew the following spells:

 Your Spells              Type           Power        Failure   Level  Hunger
a - Iskenderun's Mystic   Conj           ######..     1%          4    #......
b - Bolt of Cold          Conj/Ice       ######....   6%          6    ######.
c - Magic Dart            Conj           ####         0%          1    None
d - Fulminant Prism       Conj/Hex       #####.....   1%          4    #......
e - Sticky Flame          Conj/Fire      #####...     1%          4    #......
f - Searing Ray           Conj           ######       1%          2    None
g - Orb of Destruction    Conj           ######....   4%          7    #######

Your spell library contained the following spells:

 Spells                   Type           Power        Failure   Level  Hunger
 Cause Fear               Hex            ##........   83%         4    #......
 Apportation              Tloc           ##....       16%         1    None
 Bolt of Magma            Conj/Fire/Erth ####......   11%         5    ####...
 Slow                     Hex            ##......     24%         2    None
 Freezing Cloud           Conj/Ice/Air   #####.....   26%         6    ######.
 Venom Bolt               Conj/Pois      #####.....   4%          5    ####...
 Summon Small Mammal      Summ           ##..         16%         1    None
 Animate Skeleton         Necr           N/A          16%         1    None
 Ozocubu's Refrigeration  Ice            #####.....   36%         6    ######.
 Iron Shot                Conj/Erth      #####.....   22%         6    ######.
 Spider Form              Tmut/Pois      ##........   43%         3    None
 Blade Hands              Tmut           ##........   99%         5    ####...
 Ice Form                 Ice/Tmut       ###.....     38%         4    #......
 Confusing Touch          Hex            ##....       16%         1    None
 Sticks to Snakes         Tmut           ##......     24%         2    None
 Metabolic Englaciation   Hex/Ice        ###.......   75%         5    ####...
 Corona                   Hex            ##.....      16%         1    None
 Simulacrum               Ice/Necr       ###.......   99%         6    ######.
 Portal Projectile        Hex/Tloc       ##....       43%         3    None
 Leda's Liquefaction      Hex/Erth       ##........   83%         4    #......
 Inner Flame              Hex/Fire       ###.....     9%          3    None
 Beastly Appendage        Tmut           ##....       16%         1    None
 Iskenderun's Battlesphe  Conj/Chrm      #####...     4%          5    ####...
 Dazzling Spray           Conj/Hex       #####.       1%          3    None
 Force Lance              Conj/Tloc      #####...     1%          4    #......
 Spellforged Servitor     Conj/Summ      #####.....   71%         7    #######


Dungeon Overview and Level Annotations

Branches:
Dungeon (11/15)            Temple (0/1) D:4            Lair (5/6) D:10
 Shoals (0/4) Lair:3       Spider (0/4) Lair:3          Orc (2/2) D:10
    Elf (0/3) Orc:2
  Slime: Lair:5-6

Altars:
Cheibriados
Elyvilon
Fedhas
Gozag
Okawaru
Qazlal
Ru
Vehumet
Xom
Yredelemnul
Beogh

Shops:
D:9 *??[(   Orc:2 !:%(

Annotations:
D:7 Joseph
D:9 3 runed doors, Htamos's ghost, journeyman KoBe
D:10 2 transporters, Banto's ghost, journeyman OpEE
Lair:5 2 transporters, exclusion: 2 oklob plants, strelocc's ghost, journeyman DEEE


Innate Abilities, Weirdness & Mutations

You have a beak for a mouth.
You have claws for feet.
You can fly continuously.


Message History

You block the sixfirhy's attack. The sixfirhy closely misses you.
You block the sixfirhy's attack.
Things that are here:
a dire flail; a giant club The sixfirhy hits you but does no damage.
The sixfirhy closely misses you. The sixfirhy misses you.
You block the sixfirhy's attack. The sixfirhy hits you.
The sixfirhy shocks you!
* * * LOW HITPOINT WARNING * * *
The sixfirhy hits you but does no damage.
You block the sixfirhy's attack. x2
There is an open door here.
The sixfirhy hits you.
* * * LOW HITPOINT WARNING * * *
The sixfirhy shocks you!
* * * LOW HITPOINT WARNING * * *
The sixfirhy hits you.
* * * LOW HITPOINT WARNING * * *
The sixfirhy shocks you!
You die...

..####..#....#.#)..#)###....#....
..#######....#.##)##.##.#..##....
####..)......#.......####..##....
##'###'###'###.###'## ###.##...
#...#.).#...##'##...# ###.##.
#...#...#...#8.8#...#### #.####
#############...#####..####..##
## #####....3.........##..### .##
###........@............###.
..####....................)..#...
...##......##.......(......)#..).
.........###..)......).#)).).)...
.......###..............##.(.....
.....###.....))...)......###..)..
.)..###....)).............###....
.)..##.....)..#)..#........####..
.##..).......##...##........#####


You could see a sixfirhy.

Vanquished Creatures
  Gastronok (Lair:1)
  An orc warlord (Orc:2)
  Snorg (Lair:3)
  Harold (Lair:1)
  5 hydras
  6 two-headed ogres
  A death yak (D:10)
  An orc high priest (Orc:2)
  Nergalle (Lair:2)
  An unseen horror (D:10)
  Pikel (D:5)
  A lindwurm (Lair:3)
  2 wolf spiders (Lair:3)
  4 orc knights (Orc:2)
  2 orc sorcerers (Orc:1)
  4 elephants
  Maurice (D:9)
  7 spiny frogs
  A komodo dragon (Lair:2)
  A jumping spider (Lair:3)
  9 trolls
  A hornet (D:8)
  3 blink frogs (Lair:3)
  11 hippogriffs
  Sigmund (D:5)
  20 yaks
  A vampire (D:10)
  A wyvern (Lair:5)
  2 basilisks
  A hungry ghost (D:10)
  Menkaure (D:5)
  A two-headed ogre zombie (D:10)
  An acid dragon (D:9)
  3 wargs (Orc:2)
  4 water moccasins
  2 soldier ants (D:8)
  6 porcupines
  3 ice beasts
  2 sky beasts
  43 orc warriors
  A black bear (D:6)
  2 phantoms
  15 ogres
  5 centaurs
  6 wolves (Lair:2)
  18 crocodiles
  14 bullfrogs
  3 troll zombies (D:10)
  6 scorpions
  9 howler monkeys
  3 crimson imps
  A bullfrog zombie (D:9)
  2 centaur zombies
  3 hounds
  25 orc priests
  A centaur skeleton (D:4)
  A jelly (D:11)
  8 iguanas
  22 orc wizards
  6 hell rats (Lair:4)
  11 worker ants
  4 ogre zombies (D:10)
  A hound skeleton (D:9)
  13 adders
  8 gnolls
  A howler monkey skeleton (D:6)
  3 shadow imps
  An ooze (D:5)
  An adder skeleton (D:6)
  7 worms
  4 dart slugs
  8 leopard geckos
  109 orcs
  3 bats
  3 giant cockroaches
  6 goblins
  5 hobgoblins
  9 jackals
  8 quokkas
  4 frilled lizards
  2 goblin zombies (D:10)
  2 hobgoblin skeletons (D:10)
  5 hobgoblin zombies (D:10)
  6 kobolds
  3 orc skeletons (D:10)
  13 orc zombies (D:10)
  A quokka skeleton (D:7)
  7 rats
  A fulminant prism (D:10)
  A fungus (D:10)
560 creatures vanquished.

Vanquished Creatures (others)
  An orc sorcerer (Orc:2)
  An ogre (Orc:2)
  A shadow imp (D:5)
  48 fulminant prisms
  12 fungi
  3 plants
66 creatures vanquished.

Grand Total: 626 creatures vanquished

Notes
Turn   | Place    | Note
-------+----------+-------------------------------------------
     0 | D:1      | SaltIsReal the Tengu Conjurer began the quest for the Orb.
     0 | D:1      | Reached XP level 1. HP: 10/10 MP: 4/4
   455 | D:1      | Reached XP level 2. HP: 15/15 MP: 1/6
   627 | D:1      | Learned a level 2 spell: Searing Ray
  1441 | D:2      | Reached XP level 3. HP: 20/20 MP: 0/7
  1695 | D:2      | Reached skill level 1 in Fighting
  1937 | D:2      | Reached skill level 6 in Conjurations
  1937 | D:2      | Reached XP level 4. HP: 17/25 MP: 7/9
  2455 | D:2      | Found a stormy altar of Qazlal.
  2708 | D:3      | Found a radiant altar of Vehumet.
  2778 | D:3      | Became a worshipper of Vehumet
  3163 | D:3      | Gained mutation: You can fly. [Tengu growth]
  3163 | D:3      | Reached XP level 5. HP: 22/30 MP: 5/11
  3255 | D:3      | Learned a level 4 spell: Iskenderun's Mystic Blast
  3662 | D:3      | Found a shimmering altar of Xom.
  3738 | D:4      | Found a staircase to the Ecumenical Temple.
  4285 | D:4      | Reached XP level 6. HP: 36/36 MP: 8/13
  4347 | D:4      | Found a white marble altar of Elyvilon.
  4550 | D:4      | Reached skill level 7 in Conjurations
  4993 | D:5      | Entered Level 5 of the Dungeon
  5129 | D:5      | Reached * piety under Vehumet
  5129 | D:5      | Offered knowledge of Shock by Vehumet.
  5250 | D:5      | Reached XP level 7. HP: 41/41 MP: 11/15
  5287 | D:5      | Noticed Menkaure
  5289 | D:5      | Noticed Sigmund
  5303 | D:5      | Killed Menkaure
  5303 | D:5      | Reached skill level 5 in Spellcasting
  5306 | D:5      | Killed Sigmund
  5420 | D:5      | Noticed Pikel
  5427 | D:5      | Killed Pikel
  5427 | D:5      | Reached skill level 8 in Conjurations
  5427 | D:5      | Reached XP level 8. HP: 48/48 MP: 2/19
  5791 | D:5      | Found a sacrificial altar of Ru.
  5816 | D:5      | Found a snail-covered altar of Cheibriados.
  6020 | D:5      | Reached skill level 5 in Fighting
  6375 | D:6      | Reached skill level 9 in Conjurations
  6606 | D:6      | Offered knowledge of Sting by Vehumet.
  6675 | D:6      | Reached XP level 9. HP: 54/54 MP: 16/21
  6773 | D:6      | Reached ** piety under Vehumet
  6789 | D:6      | Found an opulent altar of Gozag.
  7016 | D:6      | Found a sand-covered staircase.
  8184 | D:7      | Offered knowledge of Ignite Poison by Vehumet.
  8308 | D:7      | Reached skill level 10 in Conjurations
  8352 | D:7      | Found an iron altar of Okawaru.
  8657 | D:7      | Reached *** piety under Vehumet
  8751 | D:7      | Noticed Joseph
  9887 | D:8      | Reached XP level 10. HP: 61/61 MP: 12/24
 10111 | D:8      | Found a stormy altar of Qazlal.
 10785 | D:8      | Offered knowledge of Olgreb's Toxic Radiance by Vehumet.
 11050 | D:8      | Learned a level 4 spell: Fulminant Prism
 11251 | D:9      | Noticed Maurice
 11269 | D:9      | Reached skill level 11 in Conjurations
 11449 | D:8      | You fall through a shaft for 3 floors!
 11877 | D:11     | Reached skill level 10 in Spellcasting
 11924 | D:10     | Entered Level 10 of the Dungeon
 11930 | D:10     | Found a staircase to the Orcish Mines.
 12131 | D:9      | Noticed a two-headed ogre
 12441 | D:9      | Found Astrerphui's Armour Boutique.
 12669 | D:8      | Killed a two-headed ogre
 12813 | D:9      | Reached **** piety under Vehumet
 13299 | D:9      | Killed Maurice
 13299 | D:9      | Reached XP level 11. HP: 68/68 MP: 17/26
 13438 | D:9      | Noticed a two-headed ogre
 13439 | D:9      | Reached skill level 1 in Shields
 13454 | D:9      | Killed a two-headed ogre
 13454 | D:9      | Reached skill level 12 in Conjurations
 13486 | D:9      | Offered knowledge of Sticky Flame by Vehumet.
 13492 | D:9      | Learned a level 4 spell: Sticky Flame
 13656 | D:9      | Found a basalt altar of Yredelemnul.
 13704 | D:9      | Found Qithoysk's Antique Weapon Shoppe.
 13704 | D:9      | Found Luawkio's Magic Scroll Shoppe.
 13705 | D:9      | Found Woybrunai's Magic Scroll Shoppe.
 13707 | D:9      | Found Busaet's General Store.
 13712 | D:9      | Bought a scroll of noise for 13 gold pieces
 13712 | D:9      | Bought a scroll of amnesia for 45 gold pieces
 13717 | D:9      | Identified a scroll of acquirement
 13891 | D:9      | Reached skill level 1 in Fire Magic
 14285 | D:9      | Found a runed gate.
 14285 | D:9      | Found a runed gate.
 14285 | D:9      | Found a runed gate.
 14285 | D:9      | Noticed Htamos's ghost (journeyman KoBe)
 15470 | D:10     | Reached ***** piety under Vehumet
 15561 | D:10     | Noticed an unseen horror
 15564 | D:10     | Killed an unseen horror
 15564 | D:10     | Offered knowledge of Bolt of Cold by Vehumet.
 15778 | D:10     | Noticed a death yak
 15803 | D:10     | Killed a death yak
 16009 | D:10     | Learned a level 6 spell: Bolt of Cold
 16187 | D:10     | Found a transporter.
 16192 | D:10     | Found a transporter.
 16192 | D:10     | Noticed Banto's ghost (journeyman OpEE)
 16266 | D:9      | Reached skill level 1 in Ice Magic
 16936 | D:10     | Found a blossoming altar of Fedhas.
 17031 | D:10     | Found a staircase to the Lair.
 17072 | Lair:1   | Entered Level 1 of the Lair of Beasts
 17083 | Lair:1   | Reached XP level 12. HP: 76/76 MP: 17/28
 17319 | Lair:1   | Reached skill level 5 in Shields
 17552 | Lair:1   | Noticed Harold
 17566 | Lair:1   | Killed Harold
 17566 | Lair:1   | Reached skill level 13 in Conjurations
 17757 | Lair:1   | Noticed an eight-headed hydra
 17761 | Lair:1   | Killed an eight-headed hydra
 17953 | Lair:1   | Noticed Gastronok
 18289 | Lair:1   | Killed Gastronok
 18514 | Lair:2   | Noticed Nergalle
 18525 | Lair:2   | Killed Nergalle
 18584 | Lair:2   | Noticed a seven-headed hydra
 18593 | Lair:2   | Killed a seven-headed hydra
 19482 | Lair:2   | Noticed a six-headed hydra
 19729 | Lair:2   | Reached skill level 14 in Conjurations
 19792 | Lair:2   | Killed a six-headed hydra
 20222 | Lair:3   | Reached XP level 13. HP: 81/81 MP: 12/29
 20320 | Lair:3   | Reached skill level 5 in Ice Magic
 20569 | Lair:3   | Found a hole to the Spider Nest.
 21390 | Lair:3   | Found a staircase to the Shoals.
 21418 | Lair:3   | Noticed Snorg
 21425 | Lair:3   | Killed Snorg
 23154 | Lair:4   | Reached skill level 10 in Fighting
 23749 | Lair:5   | Found a transporter.
 23749 | Lair:5   | Noticed strelocc's ghost (journeyman DEEE)
 24023 | Lair:5   | Found a transporter.
 24050 | Lair:5   | Offered knowledge of Yara's Violent Unravelling by Vehumet.
 25057 | Orc:1    | Entered Level 1 of the Orcish Mines
 25101 | Orc:1    | Reached skill level 15 in Conjurations
 26278 | Orc:2    | Entered Level 2 of the Orcish Mines
 26303 | Orc:1    | Offered knowledge of Bolt of Fire by Vehumet.
 27548 | Orc:2    | Found a roughly hewn altar of Beogh.
 27823 | Orc:2    | Gained mutation: You can fly continuously. [Tengu growth]
 27823 | Orc:2    | Reached XP level 14. HP: 88/88 MP: 9/31
 27958 | Orc:2    | Found Norghed's Antique Weapon Boutique.
 27968 | Orc:2    | Found Mesilak's Food Shop.
 29057 | Orc:2    | Noticed an orc warlord
 29071 | Orc:2    | Learned a level 7 spell: Orb of Destruction
 29110 | Orc:2    | Killed an orc warlord
 29110 | Orc:2    | Reached skill level 16 in Conjurations
 29611 | Orc:2    | Found a roughly hewn altar of Beogh.
 30502 | Orc:2    | Found a staircase to the Elven Halls.
 30660 | Orc:2    | Found Xaumaefa's Book Boutique.
 31056 | Orc:2    | Found Neman's Distillery.
 31094 | Orc:2    | Slain by a sixfirhy

Vault maps used:
D:1:      sevenhm_arrival_forest_fort_large_4, grunt_decor_fettered
D:2:      lemuel_crystal_altar, first_ration
D:3:      lemuel_coloured_pillars_altar, nicolae_overflow_hidden_temple
D:4:      kennysheep_little_box, minmay_temple_entry_statues_fountains,
          grunt_tough_drop
D:5:      overflow_temple_1_default, lemuel_crystal_altar, uniq_sigmund,
          uniq_pikel, uniq_menkaure
D:6:      enter_ossuary_5, grunt_gozag_statues
D:7:      okawaru_gym_becter, uniq_joseph
D:8:      hangedman_pestilent_swarm, minivault_14,
          nicolae_qazlal_style_of_elements
D:9:      yredelemnul_altar_generic, serial_shops,
          nicolae_shop_competitors_out_of_business, gammafunk_ghost_necromancy,
          enter_bailey_3, grunt_ministairs_2, minmay_shop_grid_forest,
          uniq_maurice
D:10:     david_lair_generic, zombieorc2_lemuel, gammafunk_ghost_mausoleum,
          fedhas_altar_3
Lair:1:   uniq_gastronok, uniq_harold
Lair:2:   infiniplex_staircase_pool_2, serial_bayou_shore_b, grunt_megastairs_5,
          uniq_nergalle
Lair:3:   elwin_shoals_entry_rocks, spider_nest_entry_funnel_web, uniq_snorg
Lair:5:   dpeg_oklob_gauntlet, gammafunk_ghost_arena, infiniplex_staircase_pool
Orc:2:    pubby_orc_utopia, serial_shops

Skill      XL: |  1  2  3  4  5  6  7  8  9 10 11 12 13 14 |
---------------+-------------------------------------------+-----
Fighting       | 1 2 3 4 5 6 8 9 10 | 10.8
Spellcasting   | 3 4 6 7 9 10 11 12 | 12.8
Conjurations   | 6 7 8 9 10 11 12 14 15 16 | 16.1
Shields        | 4 7 9 |  9.4
Fire Magic     | 1 |  1.8
Ice Magic      | 1 4 6 |  6.5
Dodging        | |  2.1
Stealth        | |  2.0

Action                   |  1- 3 |  4- 6 |  7- 9 | 10-12 | 13-15 || total
-------------------------+-------+-------+-------+-------+-------++-------
Melee: Dagger            |    15 |    12 |     2 |       |       ||    29
       Short sword       |     3 |       |    12 |       |       ||    15
       Peck              |     4 |     1 |    17 |    12 |    12 ||    46
       Kick              |     3 |     1 |    22 |    26 |    19 ||    71
       Whip              |       |       |    67 |   108 |    86 ||   261
 Cast: Magic Dart        |    47 |    94 |    83 |   111 |    12 ||   347
       Searing Ray       |     2 |    16 |    13 |    16 |     3 ||    50
       Iskenderun's Myst |       |       |    67 |   230 |   322 ||   619
       Fulminant Prism   |       |       |       |    36 |    13 ||    49
       Sticky Flame      |       |       |       |    21 |    21 ||    42
       Bolt of Cold      |       |       |       |     2 |    29 ||    31
       Orb of Destructio |       |       |       |       |     5 ||     5
 Abil: Fly               |       |       |     1 |     1 |     1 ||     3
Evoke: Wand              |       |       |     6 |     9 |    11 ||    26
       Lightning rod     |       |       |       |     1 |       ||     1
  Use: Potion            |     1 |       |     5 |     2 |     3 ||    11
       Scroll            |       |     8 |     5 |    12 |     6 ||    31
 Stab: Sleeping          |     1 |     3 |     2 |     1 |       ||     7
  Eat: Ration            |     1 |       |     1 |     9 |     8 ||    19
       Chunk             |       |    11 |    18 |    15 |    25 ||    69
Armor: Robe              |       |     6 |    29 |    25 |       ||    60
       Troll leather arm |       |       |       |    45 |    51 ||    96
Dodge: Dodged            |    12 |    30 |   106 |   120 |    87 ||   355
Block: Shield            |       |       |       |    83 |   135 ||   218

Table legend:
 A = Spawn XP
 B = Non-spawn XP
 C = Spawn XP percentage of total XP
 D = Spawn monster count
 E = Non-spawn monster count
 F = Spawn count percentage of total count
 G = Total turns spent on level
                    A         B        C        D         E        F      G
               +---------+---------+-------+---------+---------+-------+---------
         Total |       0 |   64891 |   0.0 |       0 |     559 |   0.0 | 31094
               +---------+---------+-------+---------+---------+-------+---------
           D:1 |       0 |      26 |   0.0 |       0 |      14 |   0.0 |  1417
           D:2 |       0 |      85 |   0.0 |       0 |      20 |   0.0 |  1067
           D:3 |       0 |     110 |   0.0 |       0 |      18 |   0.0 |  1266
           D:4 |       0 |     399 |   0.0 |       0 |      18 |   0.0 |  1492
           D:5 |       0 |    1543 |   0.0 |       0 |      26 |   0.0 |  1098
           D:6 |       0 |     763 |   0.0 |       0 |      18 |   0.0 |  1292
           D:7 |       0 |    1560 |   0.0 |       0 |      40 |   0.0 |  1989
           D:8 |       0 |    2216 |   0.0 |       0 |      18 |   0.0 |  2328
           D:9 |       0 |    5369 |   0.0 |       0 |      43 |   0.0 |  2780
          D:10 |       0 |    5606 |   0.0 |       0 |      66 |   0.0 |  2327
          D:11 |       0 |    1019 |   0.0 |       0 |      13 |   0.0 |   475
        Lair:1 |       0 |    6049 |   0.0 |       0 |      15 |   0.0 |  1441
        Lair:2 |       0 |    7652 |   0.0 |       0 |      29 |   0.0 |  1723
        Lair:3 |       0 |    6572 |   0.0 |       0 |      19 |   0.0 |  1865
        Lair:4 |       0 |    2756 |   0.0 |       0 |      15 |   0.0 |  1393
        Lair:5 |       0 |    3181 |   0.0 |       0 |      11 |   0.0 |  1269
         Orc:1 |       0 |    4161 |   0.0 |       0 |      59 |   0.0 |  1153
         Orc:2 |       0 |   15824 |   0.0 |       0 |     117 |   0.0 |  4719
               +---------+---------+-------+---------+---------+-------+---------
